Map: Orbital Shipyard

Players

Shamanas - Winner!

  • Race: Terran Terran

TheSpecialK

  • Race: Protoss Protoss

VOD

Have the link to the VOD?

Description

Time

  • Played on: May 2, 2015, 12:37 a.m.
  • Length: 10:50
Show
View Real Time Build Order
Export as new Build Order

Shamanas Terran - Winner!

Build Orders: Reaper Expand, Mech 

Get SALT Encoding   

  12  0:01  SCV  
  13  0:13  SCV  
  14  0:22  Supply Depot  
  14  0:25  SCV  
  15  0:42  Refinery  
  15  0:43  SCV  
  15  0:46  Barracks  
  16  0:55  SCV  
  17  1:07  SCV  
  18  1:20  SCV  
  19  1:33  Orbital Command  
  19  1:35  Reaper  
  20  1:41  Command Center  
  20  1:52  Supply Depot  
  20  1:59  SCV  
  21  2:07  Barracks Reactor  
  21  2:11  SCV  
  22  2:21  Factory  
  22  2:23  Refinery  
  22  2:24  SCV  
  23  2:37  SCV  
  24  2:49  SCV  
  25  2:55  Marine  
  25  2:56  Marine  
  25  2:57  Orbital Command  
  26  3:01  SCV  
  26  3:02  Command Center  
  27  3:06  Factory Tech Lab  
  27  3:13  SCV, Marine x2  
  30  3:24  SCV  
  30  3:25  SCV  
  32  3:27  Cyclone  
  32  3:31  Marine x2  
  37  3:34  Missile Turret  
  37  3:36  SCV  
  37  3:37  SCV  
  39  3:42  Missile Turret  
  39  3:47  Supply Depot  
  39  3:48  SCV  
  39  3:49  SCV  
  41  3:56  Marine x2  
  41  4:00  SCV  
  41  4:01  SCV  
  44  4:09  Cyclone  
  47  4:10  Supply Depot  
  47  4:15  Marine x2  
  49  4:20  SCV x2, Orbital Command  
  49  4:23  Factory  
  51  4:25  Starport  
  51  4:30  Refinery x2  
  51  4:32  SCV  
  51  4:33  SCV  
  51  4:37  Marine x2  
  55  4:46  Cyclone  
  55  4:48  SCV x3  
  61  5:00  SCV x2  
  63  5:09  Marine x2, Orbital Command  
  63  5:11  Factory Reactor  
  63  5:12  SCV, Starport Tech Lab  
  66  5:20  Cyclone  
  68  5:30  SCV x2  
  66  5:51  Marine x2  
  66  5:52  Hellion x2  
  68  5:57  Armory x2  
  68  6:00  SCV x2  
  68  6:01  SCV  
  65  6:09  Banshee, Cloaking Field  
  68  6:12  SCV  
  68  6:13  Supply Depot  
  68  6:14  Supply Depot  
  68  6:17  SCV x2  
  68  6:18  Missile Turret  
  71  6:21  Hellion x2  
  71  6:24  Marine x2  
  77  6:33  Starport  
  77  6:35  SCV x2, Cyclone  
  77  6:36  Command Center  
  77  6:38  Supply Depot  
  82  6:40  Supply Depot, SCV  
  82  6:46  Hellion x2  
  87  6:47  SCV  
  87  6:49  SCV  
  87  6:51  Refinery x2  
  87  6:53  SCV  
  87  6:54  Terran Vehicle And Ship Armor Level 1, Terran Vehicle and Ship Weapons Level 1  
  90  7:04  Missile Turret  
  90  7:07  SCV x3  
  93  7:10  Hellion x2  
  93  7:12  Infernal Pre-Igniter  
  93  7:14  Thor  
  103  7:17  Viking  
  103  7:20  Viking  
  107  7:25  SCV x2  
  109  7:32  Missile Turret  
  109  7:39  SCV  
  109  7:48  Hellion x2  
  109  7:50  Missile Turret  
  107  8:01  Fusion Core  
  107  8:05  Engineering Bay  
  107  8:06  SCV x4  
  111  8:13  Missile Turret  
  111  8:18  Thor  
  111  8:19  Hellbat  
  121  8:20  Hellbat  
  121  8:23  Viking  
  123  8:29  Supply Depot  
  123  8:30  Supply Depot  
  123  8:31  Supply Depot, Refinery  
  123  8:33  Refinery  
  123  8:35  Starport  
  123  8:36  Starport  
  123  8:37  Starport  
  123  8:39  Viking x2  
  124  8:42  Planetary Fortress  
  124  8:51  Missile Turret  
  124  8:53  Missile Turret x2  
  124  8:57  SCV  
  124  8:58  SCV x2, Missile Turret  
  124  9:01  Viking  
  129  9:09  SCV  
  130  9:11  Thor  
  130  9:12  Hellbat x2  
  130  9:14  Starport Reactor  
  130  9:15  Starport Tech Lab, Starport Reactor  
  140  9:19  Hi-Sec Auto Tracking  
  140  9:24  Missile Turret  
  140  9:34  Viking x3  
  140  9:35  Viking  
  147  9:56  Command Center  
  147  9:57  Viking  
  147  9:58  Command Center  
Show
View Real Time Build Order
Export as new Build Order

TheSpecialK Protoss 

Build Orders: Phoenix Opening 

Get SALT Encoding   

  12  0:02  Probe  
  13  0:15  Pylon  
  13  0:20  Probe  
  14  0:33  Probe  
  15  0:37  Gateway  
  15  0:42  Assimilator  
  15  0:45  Probe (Chrono Boost)  
  16  0:53  Pylon  
  17  0:57  Probe (Chrono Boost)  
  18  1:04  Probe (Chrono Boost)  
  18  1:14  Probe (Chrono Boost)  
  19  1:23  Probe (Chrono Boost)  
  20  1:26  Cybernetics Core  
  20  1:31  Probe  
  21  1:46  Nexus  
  21  1:50  Probe (Chrono Boost)  
  22  1:57  Pylon  
  22  2:00  Probe (Chrono Boost)  
  23  2:04  Warp Gate  
  23  2:08  Stalker (Chrono Boost)  
  25  2:11  Probe  
  26  2:19  Assimilator  
  26  2:24  Probe  
  27  2:30  Pylon  
  25  2:55  Mothership Core (Chrono Boost)  
  27  3:05  Probe (Chrono Boost)  
  28  3:10  Probe (Chrono Boost), Stargate  
  29  3:16  Probe (Chrono Boost)  
  30  3:26  Probe x2 (Chrono Boost)  
  32  3:41  Probe x2  
  32  3:45  Assimilator  
  32  3:47  Assimilator  
  34  3:53  Probe  
  34  3:54  Probe  
  36  3:58  Phoenix (Chrono Boost)  
  36  3:59  Fleet Beacon  
  38  4:16  Probe x2, Phoenix (Chrono Boost)  
  42  4:28  Probe x2  
  44  4:35  Gateway  
  44  4:37  Gateway x2  
  44  4:39  Pylon  
  44  4:40  Probe x2  
  44  4:44  Phoenix (Chrono Boost)  
  48  4:45  Sentry  
  50  4:53  Probe  
  50  4:54  Probe  
  52  5:04  Carrier (Chrono Boost)  
  48  5:13  Probe x2  
  56  5:26  Mothership Core  
  58  5:30  Zealot  
  58  5:34  Pylon x2  
  46  6:06  Pylon  
  46  6:08  Pylon  
  46  6:12  Probe x2  
  46  6:17  Zealot x3  
  46  6:18  Sentry  
  56  6:24  Probe (Chrono Boost)  
  56  6:25  Probe (Chrono Boost)  
  58  6:35  Probe (Chrono Boost)  
  59  6:40  Carrier (Chrono Boost)  
  59  6:50  Nexus  
  59  7:01  Probe (Chrono Boost)  
  61  7:07  Probe (Chrono Boost)  
  67  7:12  Probe (Chrono Boost)  
  68  7:21  Probe x2  
  70  7:46  Probe x2  
  70  7:53  Robotics Facility  
  68  7:58  Probe  
  68  8:00  Oracle (Chrono Boost)  
  72  8:06  Forge  
  72  8:09  Probe  
  72  8:10  Probe  
  72  8:11  Assimilator  
  74  8:12  Assimilator  
  74  8:21  Probe  
  74  8:23  Probe  
  76  8:30  Pylon  
  76  8:33  Probe  
  76  8:35  Probe  
  76  8:38  Carrier (Chrono Boost)  
  77  8:44  Photon Cannon  
  77  8:46  Probe (Chrono Boost)  
  77  8:47  Probe x2 (Chrono Boost)  
  81  8:56  Probe (Chrono Boost)  
  81  9:01  Probe x2 (Chrono Boost)  
  81  9:02  Graviton Catapult (Chrono Boost)  
  89  9:06  Stargate, Protoss Air Weapons Level 1 (Chrono Boost)  
  89  9:20  Pylon  
  89  9:37  Observer (Chrono Boost)  
  90  9:46  Probe x2  
  90  9:48  Zealot x2  
  90  9:49  Stalker x2  
  100  10:01  Probe x2  
  102  10:09  Probe  
  102  10:13  Probe  
  104  10:18  Pylon  
  102  10:32  Zealot x2  
  102  10:33  Zealot x2  
Tags
 
Add a new tag
Caveats
  • Supply blocks, unpowered buildings, or Contaminate may cause inaccurate times.
  • Supply counts are checked every 10 seconds.